 Dungeon Sprint DCSS version 0.31-a0-18-gea43df2a32 (webtiles) character file.

Game seed: 2297712611419793693

1168 bmack86 the Severer (level 8, -2/136 HPs)
             Began as a Minotaur Berserker on May 10, 2023.
             Was a Believer of Trog.
             Slain by a centaur warrior (12 damage)
             ... in the Dungeon (Sprint I: "Red Sonja").
             The game lasted 00:02:53 (277 turns).

bmack86 the Severer (Minotaur Berserker)             Turns: 277, Time: 00:02:54

Health: -2/136     AC:  3    Str: 24    XL:     8   Next: 17%
Magic:  7/7        EV: 12    Int:  4    God:    Trog [**....]
Gold:   405        SH:  0    Dex: 10    Spells: 7/7 levels left

rFire   . . .        a - +0 hand axe
rCold   . . .        (no shield)
rNeg    . . .        j - +0 leather armour
rPois   .            (helmet restricted)
rElec   .            (no cloak)
rCorr   .            (no gloves)
SInv    .            (no boots)
Will    .....        (no amulet) Stlth
                     (no ring)
HPRegen 0.42/turn    (no ring)
MPRegen 0.10/turn

%: no teleportation
@: berserking, hasted, very quick
A: horns 2, retaliatory headbutt
a: Renounce Religion, Berserk, Trog's Hand


You were in the Dungeon.
You worshipped Trog.
Trog was pleased with you.
You visited 1 branch You collected 405 gold pieces.

Inventory:

Hand Weapons
 a - a +0 hand axe (weapon)
 l - a +0 scythe
 n - a +0 trident of flaming
Armour
 b - a +0 animal skin
 j - a +0 leather armour (worn)
 k - a +1 robe
 m - a +0 kite shield
Wands
 i - a wand of charming (11)
Scrolls
 h - a scroll of blinking
Potions
 c - a potion of curing
 f - 4 potions of magic
 g - a potion of berserk rage


   Skills:
 + Level 15.2 Fighting
 + Level 15.2 Axes
 - Level 3.2 Armour
 - Level 3.0 Dodging


You had 7 spell levels left.
You didn't know any spells.
Your spell library was empty.

Dungeon Overview and Level Annotations

Branches:
Dungeon (1/1)

Altars:
Cheibriados
Dithmenos
Elyvilon
Fedhas
Gozag
Hepliaklqana
Kikubaaqudgha
Makhleb
Nemelex Xobeh
Okawaru
Qazlal
Ru
Sif Muna
Trog
Uskayaw
Vehumet
Wu Jian
Xom
Yredelemnul
Zin
The Shining One
Jiyva
Lugonu

Shops:
D [


Innate Abilities, Weirdness & Mutations

You have a pair of horns on your head.
You reflexively headbutt those who attack you in melee.


Message History

* * * LOW HITPOINT WARNING * * *
The centaur warrior hits you.
* * * LOW HITPOINT WARNING * * *
The centaur warrior kicks you but does no damage.
You hit the centaur warrior but do no damage.
The centaur warrior is heavily wounded.
You hit the centaur warrior but do no damage.
You feel much better. The centaur warrior hits you.
The centaur warrior kicks you.
* * * LOW HITPOINT WARNING * * *
The centaur warrior hits you but does no damage.
The centaur warrior kicks you.
* * * LOW HITPOINT WARNING * * *
A red film seems to cover your vision as you go berserk!
You feel yourself moving faster!
You feel mighty! The centaur warrior hits you!
* * * LOW HITPOINT WARNING * * *
The centaur warrior kicks you but does no damage.
The centaur warrior completely misses you.
The centaur warrior kicks you but does no damage.
You slash the centaur warrior! You headbutt the centaur warrior!
You kill the centaur warrior!
Trog accepts your kill.
You hit the centaur warrior. The centaur warrior hits you!
* * * LOW HITPOINT WARNING * * *
The centaur warrior closely misses you.
Your Fighting skill gained 2 levels and is now at level 15!
Your Axes skill gained 2 levels and is now at level 15!
You have reached level 8!
You feel stronger.
You completely miss the centaur warrior.
The centaur warrior is lightly wounded.
You slice the centaur warrior!!
The centaur warrior is heavily wounded.
The centaur warrior barely misses you. You furiously retaliate!
You headbutt the centaur warrior!
The centaur warrior kicks you but does no damage.
You closely miss the centaur warrior.
The centaur warrior is heavily wounded.
The centaur warrior hits you!
You die...

###################
#..)..#..'..#__#..+
)..#..'..#..'..'..#
#####'#####'#__####
####..#...#.####§§#
#__####..##.#§§§@§#
#_____##'#_.§~§c§§+
#_.∩...†..._#§~§§§#
#_..__##_.#'##+####
#_____###+#.#
####### ###


You could see a centaur warrior.

Vanquished Creatures
  A centaur warrior (D)
  Sigmund (D)
  A slime creature (D)
  A yak (D)
  An ogre (D)
  A jelly (D)
  Ijyb (D)
7 creatures vanquished.

Notes
Turn   | Place    | Note
-------+----------+-------------------------------------------
     0 | D        | bmack86 the Minotaur Berserker began the quest for the Orb.
     0 | D        | Reached XP level 1. HP: 19/19 MP: 0/0
     2 | D        | Noticed Ijyb
     9 | D        | Killed Ijyb
    10 | D        | Reached skill level 5 in Fighting
    10 | D        | Reached skill level 5 in Axes
    10 | D        | Reached XP level 2. HP: 29/29 MP: 1/1
    47 | D        | Noticed an ogre
    54 | D        | Killed an ogre
    55 | D        | Reached XP level 3. HP: 40/40 MP: 2/2
    55 | D        | Reached XP level 4. HP: 48/48 MP: 3/3
    82 | D        | Noticed Sigmund
    86 | D        | Killed Sigmund
    86 | D        | Reached ** piety under Trog
    87 | D        | Reached skill level 10 in Fighting
    87 | D        | Reached XP level 5. HP: 59/59 MP: 4/4
    87 | D        | Reached XP level 6. HP: 67/67 MP: 5/5
   129 | D        | Found an ornate altar of the Wu Jian Council.
   129 | D        | Found a shimmering blue altar of Sif Muna.
   131 | D        | Found a radiant altar of Vehumet.
   178 | D        | Found a burning altar of Makhleb.
   178 | D        | Found a viscous altar of Jiyva.
   178 | D        | Found a shimmering altar of Xom.
   178 | D        | Found a corrupted altar of Lugonu.
   178 | D        | Noticed a slime creature
   184 | D        | Killed a slime creature
   233 | D        | Found Ciasocru's Antique Armour Emporium.
   233 | D        | Found an ancient bone altar of Kikubaaqudgha.
   233 | D        | Found a hazy altar of Hepliaklqana.
   233 | D        | Found a stormy altar of Qazlal.
   233 | D        | Found a hide-covered altar of Uskayaw.
   233 | D        | Found a blossoming altar of Fedhas.
   233 | D        | Found a bloodstained altar of Trog.
   233 | D        | Found an iron altar of Okawaru.
   233 | D        | Found a basalt altar of Yredelemnul.
   233 | D        | Found a glowing golden altar of the Shining One.
   233 | D        | Found a snail-covered altar of Cheibriados.
   233 | D        | Found a sacrificial altar of Ru.
   233 | D        | Found a glowing silver altar of Zin.
   233 | D        | Found a shadowy altar of Dithmenos.
   233 | D        | Found a white marble altar of Elyvilon.
   233 | D        | Noticed a yak
   237 | D        | Killed a yak
   238 | D        | Reached XP level 7. HP: 79/79 MP: 6/6
   238 | D        | Found an opulent altar of Gozag.
   239 | D        | Found a sparkling altar of Nemelex Xobeh.
   255 | D        | Noticed a centaur warrior
   255 | D        | Noticed a centaur warrior
   270 | D        | HP: 3/79 [centaur warrior (6)]
   274 | D        | Killed a centaur warrior
   275 | D        | Reached skill level 15 in Fighting
   275 | D        | Reached skill level 15 in Axes
   275 | D        | Reached XP level 8. HP: 10/91 MP: 7/7
   277 | D        | Slain by a centaur warrior

Illustrated notes

Levels and vault maps discovered:
D:        dungeon_sprint_1 [red_sonja_temple_1, red_sonja_temple_small_1]

Skill      XL: |  1  2  3  4  5  6  7 |
---------------+----------------------+-----
Fighting       | 5 8 10 13 15 | 15.2
Axes           | 5 8 11 13 15 | 15.2
Armour         | 3 |  3.2
Dodging        | 3 |  3.0

Action                     |  1- 3 |  4- 6 |  7- 9 || total
---------------------------+-------+-------+-------++-------
  Melee: Hand axe          |    12 |    12 |    14 ||    38
         Headbutt          |       |     2 |     2 ||     4
 Invoke: Berserk           |     2 |     3 |     1 ||     6
    Use: Potion            |       |       |     2 ||     2
 Armour: Animal skin       |     1 |       |       ||     1
         Leather armour    |       |       |     9 ||     9
  Dodge: Dodged            |     3 |     5 |    13 ||    21

Table legend: (Time is in decaauts)
 A = Elapsed time spent in this place.
 B = Non-inter-level travel time spent in this place.
 C = Inter-level travel time spent in this place.
 D = Time resting spent in this place.
 E = Time spent auto-exploring this place.
 F = Levels seen in this place.
 G = Mean time per level.
                   A        B        C        D        E       F      G
               +--------+--------+--------+--------+--------+-----+--------+
         Total |    306 |    306 |      0 |     62 |      0 |   1 |  306.0 |
       Dungeon |    306 |    306 |      0 |     62 |      0 |   1 |  306.0 |
               +--------+--------+--------+--------+--------+-----+--------+

Top non-repeatable levels by time:
       D: 306 daAuts
